 Dungeon Crawl Stone Soup version 0.23.1 (webtiles) character file.

Game seed: 7457135606156662445

313 Borgoz the Sneak (level 6, 0/47 (48) HPs)
             Began as a Ghoul Enchanter on Mar 7, 2019.
             Slain by a mummy (17 damage)
             ... in an ossuary.
             The game lasted 00:10:55 (2786 turns).

Borgoz the Sneak (Ghoul Enchanter)                  Turns: 2786, Time: 00:10:56

HP:   0/47 (48)     AC:  5    Str: 12    XL:     6   Next: 43%
MP:   8/8           EV: 12    Int: 10    God:
Gold: 314           SH:  0    Dex: 11    Spells: 3/9 levels left

rFire    . . .     SeeInvis .   a - +4 dagger
rCold    + . .     Gourm    .   (no shield)
rNeg     + + +     Faith    .   i - +0 leather armour
rPois    ∞         Spirit   .   k - +1 helmet
rElec    .         Reflect  .   (no cloak)
rCorr    .         Harm     .   (no gloves)
MR       .....                  (no boots)
Stlth    ++........             (no amulet)
HPRegen  0.00/turn              (no ring)
MPRegen  0.11/turn              (no ring)

@: rotting
A: rotting body, claws 1, carnivore, cold resistance 1, negative energy
resistance 3, inhibited regeneration, torment resistance, unbreathing
a: no special abilities


You were in an ossuary.
You were not hungry.

You visited 1 branch of the dungeon, and saw 5 of its levels.
You also visited: Ossuary.

You collected 314 gold pieces.

Inventory:

Hand Weapons
 a - a +4 dagger (weapon)
 b - a +0 blowgun
 p - the +3 dagger of Accidental Termination {holy, rElec rPois Int+3 Dex+3}
   (You found it on level 5 of the Dungeon)

   It has been blessed by the Shining One to cause great damage to the undead
   and demons.
   It affects your intelligence (+3).
   It affects your dexterity (+3).
   It insulates you from electricity.
   It protects you from poison.
Missiles
 h - 7 curare-tipped needles
Armour
 e - a +1 chain mail of magic resistance
 i - a +0 leather armour (worn)
 k - a +1 helmet (worn)
Scrolls
 f - a scroll of remove curse
 j - 2 scrolls of blinking
Potions
 l - 3 potions of haste
 n - a potion of degeneration
 o - 3 potions of curing
 q - 2 potions of heal wounds
 s - a potion of lignification {unknown}
 t - a potion of brilliance
Comestibles
 d - 8 rations


   Skills:
 + Level 1.8 Fighting
 * Level 3.4 Short Blades
 * Level 1.2 Armour
 + Level 2.5 Dodging
 + Level 4.8 Stealth
 + Level 2.0 Spellcasting
 + Level 2.8 Hexes


You had 3 spell levels left.
You knew the following spells:

 Your Spells              Type           Power        Failure   Level  Hunger
a - Corona                Hex            #......      12%         1    ##.....
b - Ensorcelled Hibernat  Hex/Ice        #.....       32%         2    ###....
c - Confuse               Hex            #.......     36%         3    ####...

Your spell library contained the following spells:

 Spells                   Type           Power        Failure   Level  Hunger
 Tukima's Dance           Hex            #.......     36%         3    ####...
 Dazzling Spray           Conj/Hex       #.....       54%         3    ####...


Dungeon Overview and Level Annotations

Branches:
Dungeon (5/15)
 Temple: D:4-7

Altars:
Fedhas

Annotations:
D:4 3 runed translucent doors, Hasart's ghost, amateur OpTm


Innate Abilities, Weirdness & Mutations

Your body is rotting away.
You thrive on raw meat.
You are immune to poison.
You have sharp fingernails.
You are carnivorous and can eat meat at any time.
Your flesh is cold resistant. (rC+)
You are immune to negative energy. (rN+++)
You do not regenerate when monsters are visible.
You are immune to unholy pain and torment.
You can survive without breathing.


Message History

You feel a little less agile now.
Okay, then.
You hit the mummy.
The mummy is almost destroyed.
You barely miss the mummy.
The mummy is almost destroyed.
The mummy hits you.
You hit the mummy.
You destroy the mummy!
You hit the mummy.
The mummy is lightly damaged.
You hit the mummy but do no damage.
The mummy is lightly damaged.
The mummy barely misses you.
You hit the mummy.
The mummy is moderately damaged.
You puncture the mummy!
The mummy is heavily damaged.
The mummy hits you!
You die...

################
##....MM@.......##
##......####......##
#......##..##......#
#.....##....##.....#
#....M.............#
##................##
##..............##
#'##........##'#
##..##......##..##


You could see 2 mummies.

Vanquished Creatures
  An iguana (D:5)
  An orc wizard (D:3)
  A worker ant (D:5)
  A hound zombie (D:5)
  4 mummies (Ossuary)
  7 adders
  An ooze (D:1)
  2 adder skeletons (D:5)
  A worm (D:2)
  2 dart slugs
  4 leopard geckos
  8 orcs
  3 ball pythons
  7 bats
  6 giant cockroaches
  9 goblins
  8 hobgoblins
  A jackal (D:1)
  2 quokkas
  3 frilled lizards
  3 gnoll zombies (Ossuary)
  A hobgoblin zombie (Ossuary)
  6 kobolds
  4 kobold zombies (Ossuary)
  4 rats
90 creatures vanquished.

Notes
Turn   | Place    | Note
-------+----------+-------------------------------------------
     0 | D:1      | Borgoz the Ghoul Enchanter began the quest for the Orb.
     0 | D:1      | Reached XP level 1. HP: 14/14 MP: 2/2
    22 | D:1      | Reached skill level 1 in Short Blades
   102 | D:1      | Reached XP level 2. HP: 19/20 MP: 3/3
   241 | D:1      | Reached XP level 3. HP: 9/26 MP: 4/4
   747 | D:2      | Reached skill level 4 in Stealth
   961 | D:2      | Reached XP level 4. HP: 29/33 MP: 6/6
  1418 | D:3      | Reached XP level 5. HP: 17/39 MP: 7/7
  1642 | D:3      | Reached skill level 1 in Fighting
  1915 | D:3      | Learned a level 2 spell: Ensorcelled Hibernation
  1919 | D:3      | Learned a level 3 spell: Confuse
  2120 | D:4      | Noticed Hasart's ghost (amateur OpTm)
  2127 | D:4      | Found a runed translucent gate.
  2127 | D:4      | Found a runed translucent gate.
  2127 | D:4      | Found a runed translucent gate.
  2223 | D:5      | Entered Level 5 of the Dungeon
  2223 | D:5      | Found a blossoming altar of Fedhas.
  2446 | D:5      | Noticed an ice beast
  2523 | D:5      | Found a sand-covered staircase.
  2528 | D:5      | Reached XP level 6. HP: 43/48 MP: 8/8
  2556 | D:5      | Got a shimmering dagger
  2557 | D:5      | Identified the +3 dagger of Accidental Termination {holy,
                  | rElec rPois Int+3 Dex+3} (You found it on level 5 of the
                  | Dungeon)
  2562 | Ossuary  | Entered an ossuary
  2748 | Ossuary  | Reached skill level 1 in Armour
  2786 | Ossuary  | Slain by a mummy

Skill      XL: |  1  2  3  4  5  6 |
---------------+-------------------+-----
Short Blades   | 1 2 3 |  3.4
Stealth        | 4 |  4.8
Dodging        | 2 |  2.5
Spellcasting   | 2 |  2.0
Fighting       | 1 |  1.8
Armour         | 1 |  1.2
Hexes          | |  2.8

Action                   |  1- 3 |  4- 6 || total
-------------------------+-------+-------++-------
Melee: Dagger            |    91 |   243 ||   334
 Cast: Corona            |     8 |       ||     8
  Use: Scroll            |     6 |    11 ||    17
       Potion            |       |     4 ||     4
 Stab: Sleeping          |     5 |     9 ||    14
  Eat: Chunk             |    11 |    28 ||    39
Armor: Robe              |    15 |     9 ||    24
       Leather armour    |       |    22 ||    22
Dodge: Dodged            |    49 |   114 ||   163
